 Dungeon Crawl Stone Soup version 0.31-a0-1074-g0b22e4e0f1 (webtiles) character file.

Game seed: 6206310178067601067

142 grandjackal the Trooper (level 5, 0/47 HPs)
             Began as a Ghoul Monk on Dec 1, 2023.
             Was a Follower of Ashenzari.
             Slain by Grinder (6 damage)
             ... on level 3 of the Dungeon.
             The game lasted 00:02:10 (1468 turns).

grandjackal the Trooper (Ghoul Monk)                Turns: 1468, Time: 00:02:10

Health: 0/47       AC:  4    Str: 15    XL:     5   Next: 24%
Magic:  4/4        EV: 13    Int: 11    God:    Ashenzari [*.....]
Gold:   271        SH:  0    Dex: 11    Spells: 4/4 levels left

rFire   . .          .
                       - Unarmed
rCold   + . .        c - orb {light}
rNeg    + + +        a - +0 robe
rPois   ∞            (no helmet)
rElec   .            g - +0 cloak "I Knew You'd Do That" {Cun, Melee} (curse)
rCorr   .            (no gloves)
SInv    .            f - +0 pair of boots of Ashenzari's Suspicion {Comp, Fort} (curse)
Will    .....        (no amulet)
Stlth   +            (no ring)
HPRegen 0.00/turn    (no ring)
MPRegen 0.09/turn

%: no passive effects
@: inhibited regen, glowing
A: claws 1, cold resistance 1, negative energy resistance 3, inhibited
regeneration, torment resistance 2, devour on kill
a: Renounce Religion, Shatter the Chains


You were on level 3 of the Dungeon.
You worshipped Ashenzari.
Ashenzari was aware of your devotion.
You visited 1 branch of the dungeon, and saw 3 of its levels.

You collected 271 gold pieces.

Inventory:

Armour
 a - a +0 robe (worn)
 c - an orb of light (worn)
 f - the cursed +0 pair of boots of Ashenzari's Suspicion (worn) {Comp, Fort}
   (You found it on level 1 of the Dungeon)

   It has a curse which improves the following skills: Companions: Summonings
   and Necromancy.
   Fortitude: Armour and Shields.
 g - the cursed +0 cloak "I Knew You'd Do That" (worn) {Cun, Melee}
   (You found it on level 2 of the Dungeon)

   It has a curse which improves the following skills: Cunning: Dodging and
   Stealth.
   Melee Combat: Short Blades, Long Blades, Axes, Maces & Flails, Polearms,
   Staves and Unarmed Combat.
Scrolls
 e - a scroll of identify
 i - a scroll of teleportation
 j - a scroll of poison
 k - a scroll of enchant weapon
Potions
 b - 2 potions of ambrosia
 d - a potion of lignification


   Skills:
 + Level 4.6 Fighting
 + Level 3.5(4.2) Dodging
 + Level 4.6(5.3) Unarmed Combat


You had 4 spell levels left.
You didn't know any spells.
Your spell library contained the following spells:

 Spells                   Type           Power      Damage    Failure   Level
 Blink                    Tloc           0%         N/A       47%         2
 Lesser Beckoning         Tloc           0%         N/A       47%         2
 Momentum Strike          Conj/Tloc      0%         3d8       47%         2


Dungeon Overview and Level Annotations

Branches:
Dungeon (3/15)

Altars:
Ashenzari

Annotations:
D:3 Grinder, Ijyb


Innate Abilities, Weirdness & Mutations

You are immune to poison.
You have sharp fingernails.
Your flesh is cold resistant. (rC+)
You are immune to negative energy. (rN+++)
You do not regenerate when monsters are visible.
You are immune to unholy pain and torment.
You thrive by killing the living.


Message History

You scratch Ijyb but do no damage. Ijyb misses you.
You closely miss Ijyb. Ijyb hits you with a +0 dagger.
You scratch Ijyb but do no damage.
Okay, then.
You barely miss Ijyb. Ijyb hits you but does no damage.
Ijyb zaps a wand.
The bolt of light hits you! Grinder hits you but does no damage.
Grinder attacks as she pursues you! Grinder hits you.
* * * LOW HITPOINT WARNING * * *
You feel much better. Grinder closely misses you.
You scratch Grinder but do no damage. You scratch Grinder.
Grinder is lightly wounded.
Grinder hits you.
You barely miss Grinder.
Grinder is lightly wounded.
Grinder closely misses you.
You claw Grinder!
Grinder is heavily wounded.
Grinder blinks!
Ijyb zaps a wand.
The bolt of light hits you.
You are confused.
You feel less confused.
Ijyb zaps a wand.
The bolt of light hits you!
You feel better. Grinder hits you.
Ijyb zaps a wand.
The bolt of light misses you.
You completely miss Grinder.
Grinder is heavily wounded.
Grinder hits you.
You scratch Grinder but do no damage.
Grinder is heavily wounded.
Grinder hits you!
* * * LOW HITPOINT WARNING * * *
Ijyb hits you with a +0 dagger.
* * * LOW HITPOINT WARNING * * *
You scratch Grinder but do no damage.
Grinder is heavily wounded.
Grinder hits you.
You die...
Grinder says, "Now the real fun starts!"

.................
#.#..............
... #..........#...
... #..............
#..#...........#..
#.................
#.##...###........
...................
...........@.#.....
.#.##...##5g.......
... #..............
.# #..............
#..............
#..<...........
#.......#....>.
#.#..#..##..#.#
#....#... .....


You could see Grinder and Ijyb.

Vanquished Creatures
  2 orc wizards (D:3)
  4 gnolls (D:2)
  An adder (D:2)
  2 worms (D:2)
  2 orcs (D:3)
  A ball python (D:1)
  4 endoplasms
  3 giant cockroaches
  3 goblins (D:2)
  A hobgoblin (D:1)
  5 kobolds
  2 quokkas
  3 bats
  2 frilled lizards (D:2)
  6 rats
41 creatures vanquished.

Notes
Turn   | Place    | Note
-------+----------+-------------------------------------------
     0 | D:1      | grandjackal the Ghoul Monk began the quest for the Orb.
     0 | D:1      | Reached XP level 1. HP: 19/19 MP: 0/0
   176 | D:1      | Found a faded altar of an unknown god.
   207 | D:1      | Reached XP level 2. HP: 26/26 MP: 1/1
   748 | D:2      | Found a broken altar of Ashenzari.
   776 | D:2      | Became a worshipper of Ashenzari the Shackled
   790 | D:2      | Reached XP level 3. HP: 31/33 MP: 2/2
   790 | D:2      | Reached * piety under Ashenzari
   964 | D:2      | Reached XP level 4. HP: 16/40 MP: 3/3
  1393 | D:3      | Reached XP level 5. HP: 42/47 MP: 4/4
  1446 | D:3      | Noticed Ijyb
  1448 | D:3      | Noticed Grinder
  1468 | D:3      | Slain by Grinder

Illustrated notes

Levels and vault maps discovered:
D:1:      dpeg_arrival_snail, layout_basic, hellmonk_ecumenical_altar_lost_god
D:2:      layout_rooms, basic_altar, chequers_mini_garden
D:3:      layout_basic, minmay_misc_feat_square, nicolae_titane, uniq_jessica,
          uniq_ijyb, uniq_sigmund, uniq_grinder

Skill      XL: |  1  2  3 |
---------------+----------+-----
Dodging        | 3 |  3.5
Fighting       | 4 |  4.6
Unarmed Combat | 4 |  4.6

Action                     |  1- 3 |  4- 6 || total
---------------------------+-------+-------++-------
  Melee: Unarmed           |    70 |    51 ||   121
 Invoke: Curse Item        |     2 |       ||     2
    Use: Potion            |       |     2 ||     2
 Armour: Robe              |    27 |    33 ||    60
  Dodge: Dodged            |    40 |    20 ||    60

Table legend: (Time is in decaauts)
 A = Elapsed time spent in this place.
 B = Non-inter-level travel time spent in this place.
 C = Inter-level travel time spent in this place.
 D = Time resting spent in this place.
 E = Time spent auto-exploring this place.
 F = Levels seen in this place.
 G = Mean time per level.
                   A        B        C        D        E       F      G
               +--------+--------+--------+--------+--------+-----+--------+
         Total |   1458 |   1407 |     51 |    144 |    945 |   3 |  486.0 |
       Dungeon |   1458 |   1407 |     51 |    144 |    945 |   3 |  486.0 |
               +--------+--------+--------+--------+--------+-----+--------+

Top non-repeatable levels by time:
     D:1: 746 daAuts
     D:2: 606 daAuts
     D:3: 105 daAuts
